 Dungeon Crawl Stone Soup version 0.28-a0-1235-g7c8fac35f0 (webtiles) character file.

Game seed: 3656261210586586030

23 Zonian the Insei (level 3, -1/26 HPs)
             Began as a Merfolk Transmuter on Dec 24, 2021.
             Slain by a gnoll (5 damage)
             ... on level 2 of the Dungeon.
             The game lasted 00:02:16 (2093 turns).

Zonian the Insei (Merfolk Transmuter)               Turns: 2093, Time: 00:02:16

Health: -1/26      AC:  2    Str: 12    XL:     3   Next: 0%
Magic:  5/6        EV: 13    Int: 12    God:
Gold:   68         SH:  0    Dex: 14    Spells: 5/6 levels left

rFire   . . .      SeeInvis .     - Unarmed
rCold   . . .      Faith    .   (no shield)
rNeg    . . .      Spirit   .   a - +0 robe
rPois   .          Reflect  .   (helmet currently unavailable)
rElec   .          Harm     .   (no cloak)
rCorr   .          Rampage  .   (no gloves)
Will    .....                   (boots currently unavailable)
Stlth   +.........              (no amulet)
HPRegen 0.08/turn               (no ring)
MPRegen 0.10/turn               (no ring)

@: appendages (expiring)
A: horns 2, (nimble swimmer 2), mertail
a: End Transformation


You were on level 2 of the Dungeon.
You had temporarily grown beastly horns.
You visited 1 branch of the dungeon, and saw 2 of its levels.

You collected 68 gold pieces.

Inventory:

Missiles
 c - 15 sling bullets
Armour
 a - a +0 robe (worn)
Magical Staves
 b - a staff of fire
Scrolls
 d - a scroll of summoning {unknown}
 f - a scroll of vulnerability {unknown}
Potions
 e - a potion of magic
 g - 2 potions of might
 h - a potion of degeneration
 i - a potion of curing
 j - a potion of flight {unknown}


   Skills:
 + Level 1.6 Fighting
 + Level 3.1 Dodging
 + Level 3.5 Unarmed Combat
 + Level 2.2 Spellcasting
 + Level 3.1 Transmutations


You had 5 spell levels left.
You knew the following spells:

 Your Spells              Type           Power      Damage    Failure   Level
a - Beastly Appendage     Tmut           16%        N/A       8%          1

Your spell library contained the following spells:

 Spells                   Type           Power      Damage    Failure   Level
 Wereblood                Tmut           8%         N/A       11%         2
 Spider Form              Tmut/Pois      5%         N/A       38%         3
 Ice Form                 Ice/Tmut       5%         N/A       80%         4


Dungeon Overview and Level Annotations

Branches:
Dungeon (2/15)

Altars:


Innate Abilities, Weirdness & Mutations

You have temporarily grown beastly horns.
((You are very nimble when in or above water. (Stealth+, EV+, Speed+++)))
Your lower body shifts to a powerful aquatic tail in water.


Message History

You are very lightly contaminated with residual magic.
Nothing appears to happen.
Unknown command.
You grow a pair of large bovine horns.
Unknown command.
You hit the gnoll but do no damage. The gnoll hits you with a +0 club!
You hit the gnoll. You headbutt the gnoll.
The gnoll is heavily wounded.
Your transformation is almost over.
The gnoll hits you with a +0 club.
You completely miss the gnoll. Your headbutt misses the gnoll.
The gnoll is heavily wounded.
The gnoll hits you with a +0 club!
Unknown command.
You hit the gnoll.
The gnoll is severely wounded.
The gnoll closely misses you. The goblin hits you with a +0 dagger.
* * * LOW HITPOINT WARNING * * *
Unknown command.
You hit the gnoll but do no damage.
The gnoll is severely wounded.
The gnoll hits you with a +0 club.
* * * LOW HITPOINT WARNING * * *
The goblin hits you but does no damage.
Your magical contamination has completely faded away.
Unknown command.
You hit the gnoll but do no damage.
The gnoll is severely wounded.
The gnoll closely misses you. The goblin hits you but does no damage.
You closely miss the gnoll.
The gnoll is severely wounded.
The gnoll hits you with a +0 club.
* * * LOW HITPOINT WARNING * * *
The goblin hits you with a +0 dagger.
* * * LOW HITPOINT WARNING * * *
Unknown command.
You barely miss the gnoll. You headbutt the gnoll.
The gnoll is almost dead.
The gnoll hits you with a +0 club.
You die...

...### ##.### .# #....#
##..# # #..#.# #..##
#.#.## ##.##
##....#######..#
#.......##....##
######.......#..######
..............g........
######.......@g..###.##
#......<....#
#.......##### #.....†.#
#......†# #>^.....#
#########


You could see a gnoll and a goblin.

Vanquished Creatures
  A worm (D:2)
  A bat (D:2)
  An endoplasm (D:2)
  2 giant cockroaches
  5 hobgoblins (D:1)
  A quokka (D:1)
  4 ball pythons (D:1)
  A frilled lizard (D:1)
  A kobold (D:1)
  A rat (D:1)
18 creatures vanquished.

Notes
Turn   | Place    | Note
-------+----------+-------------------------------------------
     0 | D:1      | Zonian the Merfolk Transmuter began the quest for the Orb.
     0 | D:1      | Reached XP level 1. HP: 15/15 MP: 3/3
   736 | D:1      | Reached XP level 2. HP: 17/21 MP: 1/5
  1359 | D:1      | You fall into a shaft and drop 1 floor!
  2008 | D:2      | Reached XP level 3. HP: 23/26 MP: 4/6
  2093 | D:2      | Slain by a gnoll

Illustrated notes

Levels and vault maps discovered:
D:1:      pf_arrival_petrified_forest, layout_basic
D:2:      minmay_wonky_spiral, layout_rooms,
          hellmonk_ecumenical_altar_inner_sanctum

Skill      XL: |  1  2 |
---------------+-------+-----
Dodging        | 3 |  3.1
Transmutations | 3 |  3.1
Fighting       | |  1.6
Unarmed Combat | |  3.5
Spellcasting   | |  2.2

Action                   || total
-------------------------++-------
Melee: Unarmed           ||    78
       Headbutt          ||     6
       Punch             ||     2
 Cast: Beastly Appendage ||    16
  Use: Scroll            ||     4
 Stab: Sleeping          ||     1
Armor: Robe              ||    16
Dodge: Dodged            ||    58

Table legend: (Time is in decaauts)
 A = Elapsed time spent in this place.
 B = Non-inter-level travel time spent in this place.
 C = Inter-level travel time spent in this place.
 D = Time resting spent in this place.
 E = Time spent auto-exploring this place.
 F = Levels seen in this place.
 G = Mean time per level.
                   A        B        C        D        E       F      G
               +--------+--------+--------+--------+--------+-----+--------+
         Total |   2089 |   2029 |     60 |    857 |    915 |   2 | 1044.5 |
       Dungeon |   2089 |   2029 |     60 |    857 |    915 |   2 | 1044.5 |
               +--------+--------+--------+--------+--------+-----+--------+

Top non-repeatable levels by time:
     D:1: 1843 daAuts
     D:2: 246 daAuts
